 Dungeon Crawl Stone Soup version 0.31-a0-152-g6aa68a64a1 (webtiles) character file.

Game seed: 14983882953770788750

51 Moral the Covered (level 3, -29/48 (49) HPs)
             Began as a Minotaur Fighter on June 11, 2023.
             Was a Follower of Trog.
             Killed by an exploding Crazy Yiuf (42 damage)
             ... ignited by their inner flame
             ... on level 2 of the Dungeon.
             The game lasted 00:10:28 (1862 turns).

Moral the Covered (Minotaur Fighter)                Turns: 1862, Time: 00:10:29

HP:   -29/48 (49)   AC: 21    Str: 22    XL:     3   Next: 57%
MP:   2/2           EV:  2    Int:  5    God:    Trog [*.....]
Gold: 154           SH:  9    Dex:  9    Spells: 2/2 levels left

rFire   . . .        s - +2 hammer (heavy)
rCold   . . .        c - +0 buckler
rNeg    . . .        r - melded +0 chain mail
rPois   +            (helmet currently unavailable)
rElec   .            (cloak currently unavailable)
rCorr   .            (gloves currently unavailable)
SInv    .            (boots currently unavailable)
Will    .....        p - amulet of reflection
Stlth   +            j - +5 ring of evasion
HPRegen 0.28/turn    (no ring)
MPRegen 0.08/turn

%: reflection
@: mighty, tree-form, on berserk cooldown, slowed, lightly drained, very slow
A: stationary, stasis, torment immunity, boosted hp, (horns 2), (retaliatory
headbutt)
a: Renounce Religion, Berserk


You were on level 2 of the Dungeon.
You worshipped Trog.
Trog was aware of your devotion.
You were a tree.
You visited 1 branch of the dungeon, and saw 2 of its levels.

You collected 154 gold pieces.

Inventory:

Hand Weapons
 s - a +2 heavy hammer (weapon)
Armour
 c - a +0 buckler (worn)
 r - a +0 chain mail (melded)
Jewellery
 j - a +5 ring of evasion (left branch)
 p - an amulet of reflection (around neck)
Scrolls
 f - a scroll of fear {unknown}
 i - a scroll of poison {unknown}
 l - 2 scrolls of vulnerability {unknown}
 n - a scroll of identify {unknown}
Potions
 d - 2 potions of might
 m - 4 potions of haste {unknown}
 q - 2 potions of attraction {unknown}


   Skills:
 + Level 3.9 Fighting
 * Level 3.6 Maces & Flails
 + Level 4.1 Armour
 * Level 0.5 Dodging
 + Level 4.0 Shields


You had 2 spell levels left.
You didn't know any spells.
Your spell library contained the following spells:

 Spells                   Type           Power      Damage    Failure   Level
 Kiss of Death            Conj/Necr      0%         2d5       54%         1
 Cigotuvi's Dreadful Rot  Necr/Pois/Air  0%         N/A       67%         2
 Dazzling Flash           Conj/Hex       0%         N/A       88%         3
 Death Channel            Necr           0%         N/A       100%        6


Dungeon Overview and Level Annotations

Branches:
Dungeon (2/15)

Altars:
Trog


Innate Abilities, Weirdness & Mutations

You are a tree.
Your roots penetrate the ground, keeping you stationary.
You cannot be teleported.
You are immune to unholy pain and torment.
Your maximum health is greatly increased.
Your equipment is partially melded.
((You have a pair of horns on your head.))
((You reflexively headbutt those who attack you in melee.))


Message History

Your roots penetrate the ground.
* * * LOW HITPOINT WARNING * * *
You feel sick.
It was a potion of heal wounds.
You feel much better.
You feel sick.
You are no longer poisoned.
You cannot move.
You cannot move.
Okay, then.
Okay, then.
As you read the scroll labelled KOLURA GAERA, it crumbles to dust.
You feel a strange sense of stasis.
It was a scroll of teleportation.
As you read the scroll labelled NOOC JIGUMN, it crumbles to dust.
The creatures around you are filled with an inner flame!
It was a scroll of immolation.
You block Crazy Yiuf's attack.
You completely miss Crazy Yiuf.
Crazy Yiuf is moderately wounded.
Crazy Yiuf twirls on the spot.
Crazy Yiuf hits you with a +4 quarterstaff of chaos!
You feel drained. Crazy Yiuf hits you but does no damage.
Okay, then.
Really read the scroll of immolation?
As you read the scroll of immolation, it crumbles to dust.
The creatures around you are filled with an inner flame!
Crazy Yiuf flaps his cloak.
Crazy Yiuf hits you with a +4 quarterstaff of chaos.
* * * LOW HITPOINT WARNING * * *
Crazy Yiuf says, "Ice!
Two arm bag."
You block Crazy Yiuf's attack.
As you read the scroll labelled AKUEPI BASI, it crumbles to dust.
It is a scroll of amnesia.
You feel forgetful for a moment.
Crazy Yiuf glowers.
Crazy Yiuf hits you but does no damage.
You feel very mighty all of a sudden.
You bludgeon Crazy Yiuf!! Trog accepts your kill.
Crazy Yiuf explodes!
The fiery explosion engulfs you!!!
Ouch! That really hurt!
You die...

#...#####.# #### ##.###....#####
# #.# #........# ####♣♣ ## # #.#
#........###..#.♣♣ ♣♣#..) # #.#
##.......##......♣♣♣♣g'... #.##.#
###.#####.......)♣).♣#..) #.#..#
####..........#.)♣§♣♣♣ ##
#.#.####..'.....§§§.##♣♣♣♣♣
#.[...##.##.....♣§§.#
#.###.##.######.§§§.# #######
#.#....#.###.......## #.#.#..
.##.####.#..........# #.#.#.#
.'.....#.#...#..##..#######.#.#.#
.##.####.....#.#.##.........#.#.#
.##.# #...###.#.(#....######.#.#
.##.#....##.†.###..##......##.#.#
.##.....#..#.#...##.##..##.##.#.#


There were no monsters in sight!

Vanquished Creatures
  Crazy Yiuf (D:2)
  An adder (D:2)
  2 dart slugs
  2 endoplasms (D:1)
  A giant cockroach (D:1)
  2 goblins (D:2)
  5 hobgoblins
  3 jackals (D:1)
  6 kobolds
  2 quokkas (D:2)
  3 ball pythons
  3 bats
  3 frilled lizards
  4 rats
38 creatures vanquished.

Notes
Turn   | Place    | Note
-------+----------+-------------------------------------------
     0 | D:1      | Moral the Minotaur Fighter began the quest for the Orb.
     0 | D:1      | Reached XP level 1. HP: 19/19 MP: 0/0
   177 | D:1      | Reached XP level 2. HP: 27/27 MP: 1/1
   254 | D:1      | Found a faded altar of an unknown god.
   278 | D:1      | Prayed at the altar of an unknown god.
   278 | D:1      | Became a worshipper of Trog the Wrathful
   278 | D:1      | Reached * piety under Trog
   811 | D:2      | Reached XP level 3. HP: 33/33 MP: 2/2
   962 | D:2      | Got the Parchment of Ill-starred Debased Ceremonies
  1841 | D:2      | Found a runed translucent door.
  1842 | D:2      | Noticed Crazy Yiuf
  1852 | D:2      | HP: 2/49 [poisoned by Crazy Yiuf]
  1862 | D:2      | Killed Crazy Yiuf
  1862 | D:2      | Killed by an exploding Crazy Yiuf... ignited by their inner
                  | flame

Illustrated notes

Levels and vault maps discovered:
D:1:      matt_arrival_grand_opening, layout_loops_ring,
          shapermc_ecumenical_altar_mp_highgroup,
          chequers_serial_rivers_micro_e, minmay_misc_feat_tower, st_stairs_13
D:2:      minmay_general_purpose_star, layout_basic, minmay_pentomino_pile,
          uniq_crazy_yiuf_cottage

Skill      XL: |  1  2 |
---------------+-------+-----
Armour         | 4 |  4.1
Maces & Flails | 3 |  3.6
Shields        | 4 |  4.0
Fighting       | |  3.9
Dodging        | |  0.5

Action                     || total
---------------------------++-------
  Melee: Flail             ||    82
         Headbutt          ||     6
         Mace              ||     4
 Invoke: Berserk           ||     1
    Use: Scroll            ||     6
         Potion            ||     2
 Armour: Scale mail        ||    22
         Chain mail        ||     4
         Skin              ||     2
  Dodge: Dodged            ||    59
  Block: Buckler           ||    20

Table legend: (Time is in decaauts)
 A = Elapsed time spent in this place.
 B = Non-inter-level travel time spent in this place.
 C = Inter-level travel time spent in this place.
 D = Time resting spent in this place.
 E = Time spent auto-exploring this place.
 F = Levels seen in this place.
 G = Mean time per level.
                   A        B        C        D        E       F      G
               +--------+--------+--------+--------+--------+-----+--------+
         Total |   1889 |   1851 |     38 |    184 |   1272 |   2 |  944.5 |
       Dungeon |   1889 |   1851 |     38 |    184 |   1272 |   2 |  944.5 |
               +--------+--------+--------+--------+--------+-----+--------+

Top non-repeatable levels by time:
     D:2: 1071 daAuts
     D:1: 817 daAuts
